 Dungeon Crawl Stone Soup version 0.28-a0-1493-g08698888e4 (webtiles) character file.

Game seed: 3757195305282996919

49 esteth the Stinger (level 3, -3/31 HPs)
             Began as a Naga Venom Mage on Jan 12, 2022.
             Killed from afar by Terence (4 damage)
             ... with a puff of flame
             ... on level 2 of the Dungeon.
             The game lasted 00:06:18 (2783 turns).

esteth the Stinger (Naga Venom Mage)                Turns: 2783, Time: 00:06:19

Health: -3/31      AC:  3    Str:  9 (10) XL:     3   Next: 77%
Magic:  2/7        EV:  8    Int: 16 (17) God:
Gold:   53         SH:  0    Dex:  8 (11) Spells: 7/8 levels left

rFire   + . .      SeeInvis +   d - +0 whip
rCold   + . .      Faith    .   (no shield)
rNeg    . . .      Spirit   .   m - +0 ring mail
rPois   +          Reflect  .   (no helmet)
rElec   +          Harm     .   (no cloak)
rCorr   +          Rampage  .   (no gloves)
Will    .....                   (no barding)
Stlth   +.........              (no amulet)
HPRegen 0.10/turn               (no ring)
MPRegen 0.10/turn               (no ring)

@: mighty, resistant, very slightly contaminated, hasted, quick
A: AC +1, large, see invisible, deformed body, poison resistance, slowness 2,
spit poison 1, naga tail 1
a: Spit Poison


You were on level 2 of the Dungeon.
You visited 1 branch of the dungeon, and saw 3 of its levels.

You collected 53 gold pieces.

Inventory:

Hand Weapons
 d - a +0 whip (weapon)
Armour
 a - a +0 robe
 e - a +0 scale mail
 m - a +0 ring mail (worn)
Jewellery
 f - a ring of ice
Scrolls
 g - 4 scrolls of enchant weapon {unknown}
 l - a scroll of identify {unknown}
Potions
 j - a potion of brilliance {unknown}
 k - a potion of might


   Skills:
 + Level 1.3 Fighting
 + Level 1.0 Armour
 - Level 1.6 Dodging
 - Level 3.0 Stealth
 - Level 3.0 Spellcasting
 - Level 1.0 Transmutations
 - Level 4.0 Poison Magic


You had 7 spell levels left.
You knew the following spells:

 Your Spells              Type           Power      Damage    Failure   Level
a - Sting                 Tmut/Pois      40%        1d5       19%         1

Your spell library contained the following spells:

 Spells                   Type           Power      Damage    Failure   Level
 Poisonous Vapours        Pois/Air       16%        N/A       34%         2
 Mephitic Cloud           Conj/Pois/Air  6%         N/A       65%         3
 Olgreb's Toxic Radiance  Pois           15%        N/A       69%         4


Dungeon Overview and Level Annotations

Branches:
Dungeon (3/15)

Altars:

Annotations:
D:2 Terence


Innate Abilities, Weirdness & Mutations

Your serpentine skin is tough. (AC +1)
You have supernaturally acute eyesight. (SInv)
Armour fits poorly on your strangely shaped body.
Your system is resistant to poisons. (rPois)
You cover ground very slowly.
You can spit poison.
You have a snake-like lower body.


Message History

Terence barely misses you.
You hit Terence but do no damage.
Terence is heavily wounded.
Terence hits you with a +0 flail.
You hit Terence but do no damage.
Terence is heavily wounded.
Casting: Sting (safe; 19% risk of failure)
Confirm with . or Enter, or press ? or * to list all spells.
Aiming: Sting (safe; 19% risk of failure)
Press: ? - help, Shift-Dir - straight line, f/p - Terence
Aim: Terence, wielding a +0 flail, wearing a +0 scale mail and carrying a wand of flame (24) (heavily wounded, poisoned, 75% to hit)
The sting hits Terence but does no damage.
Terence looks even sicker.
Terence is heavily wounded.
Terence hits you with a +0 flail!
Casting: Sting (safe; 19% risk of failure)
Confirm with . or Enter, or press ? or * to list all spells.
Aiming: Sting (safe; 19% risk of failure)
Press: ? - help, Shift-Dir - straight line, f/p - Terence
Aim: Terence, wielding a +0 flail, wearing a +0 scale mail and carrying a wand of flame (24) (heavily wounded, very poisoned, 75% to hit)
You miscast Sting.
You are very lightly contaminated with residual magic.
Nothing appears to happen.
Terence zaps a wand.
The puff of flame misses you.
Casting: Sting (safe; 19% risk of failure)
Confirm with . or Enter, or press ? or * to list all spells.
Aiming: Sting (safe; 19% risk of failure)
Press: ? - help, Shift-Dir - straight line, f/p - Terence
Aim: Terence, wielding a +0 flail, wearing a +0 scale mail and carrying a wand of flame (23) (heavily wounded, very poisoned, 75% to hit)
You miscast Sting.
Nothing appears to happen.
You barely miss Terence.
Terence is severely wounded.
Terence hits you with a +0 flail!
It was a potion of might.
You feel very mighty all of a sudden. Terence hits you with a +0 flail!
* * * LOW HITPOINT WARNING * * *
It was a potion of resistance.
You feel protected.
Terence zaps a wand.
The puff of flame hits you. You resist.
You die...

#.##.###............#.##.##.#.#..
#.....................##(##.#....
.....###............#.##.##.###..
#..### ###.#...#.##.#.......# #..
#..# #.#...#.##....[.#.## ###
#..# #.#...#.#########.# #..#
#.#...#.# #.# ####
#..#######.##.##.###### #.# #...
................@.@.>.# #.###...
..####............###.# #.......
.#####....#.#.##..###.# #####...
.##.................#.# #.##
.##............#..#.#.# #(..
.##..........###......# ####
..............###.#.###
###.###...#.......#.#
#...<...###>#####.#


You could see Terence (poisoned).

Vanquished Creatures
  An adder (D:2)
  2 dart slugs (D:1)
  5 ball pythons
  2 bats
  4 endoplasms
  A giant cockroach (D:1)
  A goblin (D:1)
  3 hobgoblins
  4 jackals (D:2)
  3 quokkas
  4 frilled lizards (D:1)
  2 kobolds
  A rat (D:2)
33 creatures vanquished.

Notes
Turn   | Place    | Note
-------+----------+-------------------------------------------
     0 | D:1      | esteth the Naga Venom Mage began the quest for the Orb.
     0 | D:1      | Reached XP level 1. HP: 15/15 MP: 3/3
   413 | D:1      | Reached XP level 2. HP: 12/22 MP: 3/5
  1125 | D:1      | Found a faded altar of an unknown god.
  1371 | D:1      | Reached XP level 3. HP: 5/30 MP: 2/7
  1922 | D:2      | Reached skill level 1 in Fighting
  2127 | D:2      | Reached skill level 1 in Armour
  2760 | D:3      | Noticed Terence
  2781 | D:2      | HP: 1/31 [Terence (11)]
  2783 | D:2      | Killed from afar by Terence

Illustrated notes

Levels and vault maps discovered:
D:1:      lemuel_arrival_behind_the_door_large, layout_basic,
          dreamdust_ecumenical_altar_grove, chequers_serial_rivers_room_a
D:2:      layout_loops_cross
D:3:      layout_basic, uniq_terence, uniq_jessica

Skill      XL: |  1  2  3 |
---------------+----------+-----
Spellcasting   | 3 |  3.0
Fighting       | 1 |  1.3
Armour         | 1 |  1.0
Dodging        | |  1.6
Stealth        | |  3.0
Transmutations | |  1.0
Poison Magic   | |  4.0

Action                   || total
-------------------------++-------
Melee: Whip              ||    60
 Cast: Sting             ||    40
  Use: Potion            ||     6
Armor: Scale mail        ||    40
       Ring mail         ||     1
Dodge: Dodged            ||    30

Table legend: (Time is in decaauts)
 A = Elapsed time spent in this place.
 B = Non-inter-level travel time spent in this place.
 C = Inter-level travel time spent in this place.
 D = Time resting spent in this place.
 E = Time spent auto-exploring this place.
 F = Levels seen in this place.
 G = Mean time per level.
                   A        B        C        D        E       F      G
               +--------+--------+--------+--------+--------+-----+--------+
         Total |   3290 |   3200 |     90 |    758 |   2071 |   3 | 1096.7 |
       Dungeon |   3290 |   3200 |     90 |    758 |   2071 |   3 | 1096.7 |
               +--------+--------+--------+--------+--------+-----+--------+

Top non-repeatable levels by time:
     D:1: 2106 daAuts
     D:2: 1181 daAuts
     D:3: 2 daAuts
